 Dungeon Crawl Stone Soup version 0.29.0-11-gd7f09526c8 (webtiles) character file.

Game seed: 3485370869080700226

1449 sentinel the Geomancer (level 9, 62/62 HPs)
             Began as a Meteoran Earth Elementalist on Sept 5, 2022.
             Quit the game on level 7 of the Dungeon.
             The game lasted 00:06:59 (954 turns).

sentinel the Geomancer (Meteoran Earth Elementalist) Turns: 954, Time: 00:06:59

Health: 62/62      AC:  8    Str: 10    XL:     9   Next: 25%
Magic:  22/22      EV: 12    Int: 25    God:
Gold:   0          SH:  0    Dex: 15    Spells: 18/24 levels left

rFire   . . .      SeeInvis .   (no weapon)
rCold   + . .      Faith    .   (no shield)
rNeg    . . .      Spirit   .   a - +0 robe
rPois   .          Reflect  .   q - +0 helmet
rElec   .          Harm     .   l - +0 cloak
rCorr   .          Rampage  .   h - +1 pair of gloves
Will    ++...                   s - +1 pair of boots of Blue Skies {Int+4}
Stlth   +.........              e - amulet of magic regeneration
HPRegen 0.20/turn               d - ring of willpower
MPRegen 0.58/turn               c - ring of protection from cold

@: glowing
A: sense surroundings 2, otherworldly, glowing, explore regen
a: no special abilities


You were on level 7 of the Dungeon.
You visited 1 branch of the dungeon, and saw 8 of its levels.

Inventory:

Armour
 a - a +0 robe (worn)
 h - a +1 pair of gloves (worn)
 l - a +0 cloak (worn)
 n - a +0 pair of boots
 p - a scarf of harm
 q - a +0 helmet (worn)
 s - the +1 pair of boots of Blue Skies (worn) {Int+4}
   (You found it on level 6 of the Dungeon)

   Int:       It affects your intelligence (+4).
Jewellery
 c - a ring of protection from cold (right hand)
 d - a ring of willpower (left hand)
 e - an amulet of magic regeneration (around neck)
Wands
 t - a wand of polymorph (7)
Scrolls
 g - a scroll of fear
 j - 3 scrolls of immolation
 r - a scroll of vulnerability
Potions
 b - a potion of magic
 i - a potion of flight {unknown}
 k - a potion of attraction {unknown}
 m - a potion of ambrosia {unknown}
 o - 2 potions of cancellation {unknown}
 u - a potion of brilliance {unknown}
 w - 2 potions of heal wounds


   Skills:
 - Level 2.4 Dodging
 - Level 1.4 Stealth
 + Level 8.2 Spellcasting
 - Level 5.0 Conjurations
 - Level 1.2 Transmutations
 + Level 9.2 Earth Magic


You had 18 spell levels left.
You knew the following spells:

 Your Spells              Type           Power      Damage    Failure   Level
a - Sandblast             Erth           100%       2d20      1%          1
b - Stone Arrow           Conj/Erth      90%        3d12      1%          3
c - Passwall              Tmut/Erth      30%        N/A       1%          2

Your spell library contained the following spells:

 Spells                   Type           Power      Damage    Failure   Level
 Petrify                  Tmut/Erth      36%        N/A       7%          4


Dungeon Overview and Level Annotations

Branches:
Dungeon (8/15) Zot: 3784
 Temple: D:4-7         Lair: D:8-11

Altars:
Makhleb
Xom

Annotations:
D:4 Eustachio


Innate Abilities, Weirdness & Mutations

You passively map the area around you.
You are easily found by Zot.
You glow in the dark.
You regain HP and MP as you explore.


Message History

You kill the adder!
The hound barely misses you. The scorpion closely misses you.
The hound closely misses you. The scorpion stings you.
Casting: Stone Arrow (safe; 1% risk of failure)
Confirm with . or Enter, or press ? or * to list all spells.
Aiming: Stone Arrow (safe; 1% risk of failure)
Press: ? - help, Shift-Dir - straight line, f - hound
Aim: a hound (64% to hit)
The stone arrow hits the hound!
The hound is almost dead.
The hound misses you. The scorpion barely misses you.
Casting: Stone Arrow (safe; 1% risk of failure)
Confirm with . or Enter, or press ? or * to list all spells.
Aiming: Stone Arrow (safe; 1% risk of failure)
Press: ? - help, Shift-Dir - straight line, f/p - hound
Aim: a hound (almost dead, 64% to hit)
The stone arrow misses the hound.
The hound bites you. The scorpion closely misses you.
The hound bites you but does no damage. The ice beast barely misses you.
The blast of sand hits the hound!!
You kill the hound!
The scorpion stings you.
You are poisoned.
The scorpion poisons you! The ice beast hits you. The ice beast freezes you.
You resist. The scorpion stings you.
The blast of sand hits the ice beast!
The ice beast is moderately wounded.
You feel very sick. The ice beast closely misses you.
The scorpion stings you but does no damage.
The scorpion stings you.
The ice beast hits you but does no damage.
The blast of sand hits the ice beast.
The ice beast is heavily wounded.
You feel sick. The scorpion barely misses you. The ice beast hits you.
The ice beast freezes you. You resist.
The blast of sand misses the ice beast.
You feel sick. The scorpion misses you. The ice beast hits you.
The ice beast freezes you. You resist.
The scorpion stings you but does no damage.
The ice beast barely misses you.
You are too injured to fight recklessly!
You are too injured to fight recklessly!
Casting: Sandblast (safe; 1% risk of failure)
Confirm with . or Enter, or press ? or * to list all spells.
Aiming: Sandblast (safe; 1% risk of failure)
Press: ? - help, Shift-Dir - straight line, f/p - ice beast
Aim: an ice beast (heavily wounded, 85% to hit)
The blast of sand hits the ice beast!!
You kill the ice beast!
You feel sick. The scorpion stings you. x2
* * * LOW HITPOINT WARNING * * *
You are more poisoned.
The scorpion poisons you!
Casting: Sandblast (safe; 1% risk of failure)
Confirm with . or Enter, or press ? or * to list all spells.
Aiming: Sandblast (safe; 1% risk of failure)
Press: ? - help, Shift-Dir - straight line, f - scorpion
Aim: a scorpion (85% to hit)
The blast of sand hits the scorpion!!
You kill the scorpion!
* * * LOW HITPOINT WARNING * * *
You feel very sick.
You have reached level 9!
Your experience leads to an increase in your attributes!
Your base attributes are Str 9, Int 19, Dex 15.
Increase (s)trength, (i)ntelligence, or (d)exterity?
You feel clever. x2; You feel stronger.
Your attunement to dungeon structure grows.
You feel sick.
You feel sick.
You feel sick.
You feel sick.
Found 14 gold pieces.
You feel sick.
Found 20 gold pieces.
You feel sick.
You feel sick.
Found a scroll of identify.
You feel sick.
Found a ring mail.
You feel sick.
You are no longer poisoned.
A black bear comes into view.
The black bear growls angrily.
The blast of sand hits the black bear!
The black bear is moderately wounded.
Casting: Sandblast (safe; 1% risk of failure)
Confirm with . or Enter, or press ? or * to list all spells.
Aiming: Stone Arrow (safe; 1% risk of failure)
Press: ? - help, Shift-Dir - straight line, f/p - black bear
Aim: a black bear (moderately wounded, 82% to hit)
The stone arrow hits the black bear!
The black bear is almost dead.
The black bear goes berserk!
Casting: Stone Arrow (safe; 1% risk of failure)
Confirm with . or Enter, or press ? or * to list all spells.
Aiming: Stone Arrow (safe; 1% risk of failure)
Press: ? - help, Shift-Dir - straight line, f/p - black bear
Aim: a black bear (severely wounded, berserk, 82% to hit)
The stone arrow hits the black bear!
You kill the black bear!
An ice beast comes into view.
Casting: Stone Arrow (safe; 1% risk of failure)
Confirm with . or Enter, or press ? or * to list all spells.
Aiming: Stone Arrow (safe; 1% risk of failure)
Press: ? - help, Shift-Dir - straight line, f - ice beast
Aim: an ice beast (76% to hit)
The stone arrow hits the ice beast!!
The ice beast is severely wounded.
Casting: Stone Arrow (safe; 1% risk of failure)
Confirm with . or Enter, or press ? or * to list all spells.
Aiming: Stone Arrow (safe; 1% risk of failure)
Press: ? - help, Shift-Dir - straight line, f/p - ice beast
Aim: an ice beast (severely wounded, 76% to hit)
The stone arrow hits the ice beast!
You kill the ice beast!
Your Spellcasting skill increases to level 8!
Your Earth Magic skill increases to level 9!
A white imp comes into view.
The white imp shouts!
You hear an angry hiss.
A white imp comes into view.
The white imp shouts, "Begone, thou skyhacking elf-skinned bum-bailey!"
The white imp gestures at you. The puff of frost hits you. You resist.
An iguana comes into view.
Found 10 gold pieces.
The blast of sand hits the white imp!!
You kill the white imp!
The blast of sand hits the white imp!!
You kill the white imp!
The blast of sand misses the iguana.
Found 2 scrolls of immolation.
The iguana bites you!
The blast of sand hits the iguana!
The iguana is severely wounded.
The iguana bites you.
The blast of sand hits the iguana!
You kill the iguana!
You can't see any susceptible monsters within range! (Use Z to cast anyway.)
You open the door.
A crimson imp comes into view. It is wielding a +1 dagger of chaos.
The crimson imp shouts!
Found a burning altar of Makhleb and a shimmering altar of Xom.
The blast of sand hits the crimson imp!
You kill the crimson imp!
You can't see any susceptible monsters within range! (Use Z to cast anyway.)
Found a stone staircase leading down.
You see here 2 scrolls of immolation.
Unknown command.
j - 3 scrolls of immolation (gained 2)
Found a flail.
There is a stone staircase leading down here.
You climb downwards.
There is a stone staircase leading up here.
Are you sure you want to abandon this character and quit the game? (Confirm with "yes".)

* ** * * , * ,, , ****
* ** , ,* *, *,### *
*,#@# , ## #. *##**
*.#.# ,* .####.* ..,#
.#.#*,* ,
....#.##..#.##..#. #,
* ,
....##.#..##.#..##.#
..##....##....##.... *
, ,*
..#..♣♣.#..♣♣.#..♣ ,*.
**
...#.♣♣..#.♣♣..#.♣♣..#
* , * ,
..##....##....##....#
,


There were no monsters in sight!

Vanquished Creatures
  A queen bee (D:7)
  A wyvern (D:7)
  2 ice beasts (D:6)
  2 black bears (D:6)
  A bullfrog (D:7)
  3 scorpions
  Dowan (D:7)
  A crimson imp (D:6)
  A hound (D:6)
  3 orc priests
  An iguana (D:6)
  Natasha (D:4)
  An orc wizard (D:3)
  Robin (D:4)
  7 adders
  4 gnolls (D:7)
  3 white imps
  An ufetubus (D:5)
  2 worms
  13 orcs
  2 ball pythons
  2 endoplasms (D:2)
  2 giant cockroaches (D:3)
  10 goblins
  6 hobgoblins
  A bat (D:3)
  A kobold (D:1)
  3 rats
77 creatures vanquished.

Notes
Turn   | Place    | Note
-------+----------+-------------------------------------------
     0 | D:1      | sentinel the Meteoran Earth Elementalist began the quest
                  | for the Orb.
     0 | D:1      | Reached XP level 1. HP: 14/14 MP: 5/5
    92 | D:2      | Reached skill level 4 in Earth Magic
    92 | D:2      | Reached XP level 2. HP: 9/20 MP: 0/6
   190 | D:4      | Reached XP level 3. HP: 26/26 MP: 5/8
   190 | D:4      | Noticed Eustachio
   214 | D:3      | Learned a level 2 spell: Passwall
   218 | D:3      | Learned a level 3 spell: Stone Arrow
   249 | D:3      | Reached skill level 1 in Conjurations
   249 | D:3      | Reached skill level 5 in Earth Magic
   249 | D:3      | Reached XP level 4. HP: 26/33 MP: 7/9
   299 | D:3      | Found a faded altar of an unknown god.
   412 | D:3      | Reached XP level 5. HP: 3/38 MP: 7/10
   473 | D:4      | Reached XP level 6. HP: 33/45 MP: 10/12
   487 | D:4      | Noticed Robin
   496 | D:5      | Entered Level 5 of the Dungeon
   509 | D:4      | Killed Robin
   530 | D:4      | Noticed Natasha
   534 | D:4      | Killed Natasha
   636 | D:6      | Identified the +1 pair of boots of Blue Skies {Int+4}
   677 | D:7      | Reached skill level 6 in Earth Magic
   677 | D:7      | Reached XP level 7. HP: 50/50 MP: 12/14
   699 | D:7      | Reached skill level 5 in Conjurations
   720 | D:7      | Noticed a wyvern
   725 | D:7      | Killed a wyvern
   726 | D:7      | Reached skill level 5 in Spellcasting
   726 | D:7      | Noticed Duvessa
   726 | D:7      | Noticed Dowan
   728 | D:7      | Noticed Duvessa
   728 | D:7      | Duvessa changed into Duvessa the queen bee
   734 | D:7      | Killed Duvessa the queen bee
   735 | D:7      | Reached skill level 7 in Earth Magic
   735 | D:7      | Reached XP level 8. HP: 57/57 MP: 15/18
   735 | D:7      | Killed Dowan
   890 | D:6      | Reached skill level 8 in Earth Magic
   901 | D:6      | Gained mutation: You passively map the area around you.
                  | [Meteoran growth]
   901 | D:6      | Reached XP level 9. HP: 14/62 MP: 5/21
   925 | D:6      | Reached skill level 9 in Earth Magic
   942 | D:6      | Found a burning altar of Makhleb.
   942 | D:6      | Found a shimmering altar of Xom.
   954 | D:7      | Quit the game

Illustrated notes

Levels and vault maps discovered:
D:1:      ebering_trefoil_3fold, layout_basic
D:2:      wad_lake_hut, layout_rooms
D:3:      layout_loops_corners, hellmonk_ecumenical_altar_crossroads,
          uniq_crazy_yiuf_cottage
D:4:      layout_cave_pools, uniq_robin, uniq_eustachio, uniq_natasha,
          uniq_pikel
D:5:      layout_basic, grunt_temple_overflow_growth_and_decay,
          lightli_sewer_entry_pipes, hex_intersection,
          nicolae_shop_i_like_big_books, grunt_ministairs_3, uniq_prince_ribbit1
D:6:      layout_cave_pools, grunt_temple_overflow_champion_of_chaos
D:7:      layout_basic, minmay_temple_entry_fiery, nicolae_eternal_life,
          uniq_duvessa
D:8:      layout_basic, grunt_dithmenos_smoke_and_mirrors, uniq_gastronok

Skill      XL: |  1  2  3  4  5  6  7  8  9 |
---------------+----------------------------+-----
Earth Magic    | 4 5 6 7 8 9 |  9.2
Conjurations   | 1 2 3 4 5 |  5.0
Spellcasting   | 3 4 6 7 8 |  8.2
Dodging        | |  2.4
Stealth        | |  1.4
Transmutations | |  1.2

Action                   |  1- 3 |  4- 6 |  7- 9 || total
-------------------------+-------+-------+-------++-------
 Cast: Sandblast         |    26 |    64 |    34 ||   124
       Passwall          |     1 |     8 |     5 ||    14
       Stone Arrow       |       |     2 |    14 ||    16
Evoke: Wand              |       |       |     2 ||     2
  Use: Scroll            |       |       |     3 ||     3
Armor: Robe              |    10 |    32 |    12 ||    54
Dodge: Dodged            |     7 |    38 |    22 ||    67
